 Dungeon Crawl Stone Soup version 0.28-a0-1616-g050a50673c (webtiles) character file.

Game seed: 2121689981797123197

79 tatocazan the Sneak (level 4, 0/29 HPs)
             Began as an Octopode Brigand on Jan 22, 2022.
             Succumbed to an adder's poison
             ... on level 2 of the Dungeon.
             The game lasted 00:02:59 (2489 turns).

tatocazan the Sneak (Octopode Brigand)              Turns: 2489, Time: 00:02:59

Health: 0/29       AC:  1    Str:  8 (10) XL:     4   Next: 38%
Magic:  4/4        EV: 12    Int: 10 (13) God:
Gold:   56         SH:  0    Dex: 13 (15) Spells: 3/3 levels left

rFire   . . .      SeeInvis .   a - +2 dagger
rCold   . . .      Faith    .   (no shield)
rNeg    . . .      Spirit   .   (helmet restricted)
rPois   .          Reflect  .   (no amulet)
rElec   .          Harm     .   (no ring)
rCorr   .          Rampage  .   (no ring)
Will    .....                   (no ring)
Stlth   ++++......              (no ring)
HPRegen 0.09/turn               (no ring)
MPRegen 0.09/turn               (no ring)
                                (no ring)
                                (no ring)

@: lethally poisoned (0 -> -3)
A: almost no armour, amphibious, 8 rings, camouflage 1, gelatinous body 1,
(nimble swimmer 1), tentacles
a: no special abilities


You were on level 2 of the Dungeon.
You visited 1 branch of the dungeon, and saw 2 of its levels.

You collected 56 gold pieces.

Inventory:

Hand Weapons
 a - a +2 dagger (weapon)
Missiles
 b - 8 poisoned darts (quivered)
 c - 2 curare-tipped darts
Scrolls
 d - 3 scrolls of identify {unknown}
 f - a scroll of immolation {unknown}
 g - a scroll of magic mapping {unknown}
 h - a scroll of holy word {unknown}
Potions
 e - a potion of degeneration


   Skills:
 - Level 2.0 Fighting
 * Level 3.7 Short Blades
 - Level 2.0 Throwing
 - Level 1.0 Dodging
 * Level 6.4 Stealth


You had 3 spell levels left.
You didn't know any spells.
Your spell library was empty.

Dungeon Overview and Level Annotations

Branches:
Dungeon (2/15)

Altars:


Innate Abilities, Weirdness & Mutations

You cannot wear most types of armour.
You are amphibious.
You can wear up to eight rings at the same time.
Your skin changes colour to match your surroundings (Stealth+).
Your rubbery body absorbs attacks. (AC +1, EV +1)
((You are camouflaged when in or above water. (Stealth+)))
You have tentacles for arms and can constrict up to eight enemies at once.


Message History

The adder is lightly wounded.
You feel sick. The adder barely misses you.
You take 1 damage, and have 27/29 hp.
You miss the adder. Your grab misses the adder.
The adder is lightly wounded.
You feel sick. The adder bites you.
You are more poisoned.
The adder poisons you!
You take 4 damage, and have 23/29 hp.
You miss the adder. Your grab misses the adder.
The adder is lightly wounded.
You feel sick. The adder misses you.
You take 1 damage, and have 22/29 hp.
You barely miss the adder. Your grab misses the adder.
You squeeze the adder, but do no damage.
The adder is lightly wounded.
You feel sick. The adder bites you.
You take 6 damage, and have 16/29 hp.
MASSIVE DAMAGE!!
You are too injured to fight recklessly!
You are too injured to fight recklessly!
You are too injured to fight recklessly!
You are too injured to fight recklessly!
It was a potion of degeneration.
There was something very wrong with that liquid.
You feel weakened.
You feel dopey.
You feel clumsy.
You feel sick. The adder bites you.
You are lethally poisoned!
The adder poisons you! The adder bites you.
* * * LOW HITPOINT WARNING * * *
You take 9 damage, and have 7/29 hp.
MASSIVE DAMAGE!!
* * * LOW HITPOINT WARNING * * *
You feel sick. The adder closely misses you.
You take 2 damage, and have 5/29 hp.
* * * LOW HITPOINT WARNING * * *
You feel sick. The adder bites you but does no damage.
* * * LOW HITPOINT WARNING * * *
You feel sick. The adder closely misses you. The adder misses you.
* * * LOW HITPOINT WARNING * * *
You feel sick. The adder barely misses you.
You die...

###.###.#
#.### #.#
#.# #.#
#.#
#.####.#
#.#
#...######
#.#
###.#8###8
#.#
#....)..
#.#
#.......
#######.#
#.......
#gS@....#
###8###⌠
#.#######
######
#.#.######
#.## ..
#..†<.#
#.## ##
#.####.#
#####.##
#.#
#.......
#.#
#.###...
#.# #.#
#### #†#
#.#


You could see an adder and a goblin.

Vanquished Creatures
  2 adders (D:2)
  2 dart slugs
  3 ball pythons
  5 bats
  7 endoplasms
  A giant cockroach (D:1)
  6 goblins
  3 hobgoblins
  12 kobolds
  3 quokkas
  3 frilled lizards
  7 rats
54 creatures vanquished.

Vanquished Creatures (others)
  4 plants (D:1)
4 creatures vanquished.

Grand Total: 58 creatures vanquished

Notes
Turn   | Place    | Note
-------+----------+-------------------------------------------
     0 | D:1      | tatocazan the Octopode Brigand began the quest for the Orb.
     0 | D:1      | Reached XP level 1. HP: 14/14 MP: 1/1
   128 | D:1      | Reached XP level 2. HP: 17/19 MP: 2/2
   844 | D:1      | Reached XP level 3. HP: 24/24 MP: 3/3
  1682 | D:2      | Reached skill level 6 in Stealth
  1775 | D:2      | Reached XP level 4. HP: 29/29 MP: 4/4
  2488 | D:2      | HP: 1/29 [poisoned by an adder]
  2489 | D:2      | Succumbed to an adder's poison

Illustrated notes

Levels and vault maps discovered:
D:1:      tarquinn_simple_flora_water_d, layout_loops_corners,
          lexackson_kobold_supper
D:2:      layout_loops_ring, corexii_hall_statues_i

Skill      XL: |  1  2  3 |
---------------+----------+-----
Short Blades   | 3 |  3.7
Stealth        | 6 |  6.4
Fighting       | |  2.0
Throwing       | |  2.0
Dodging        | |  1.0

Action                   |  1- 3 |  4- 6 || total
-------------------------+-------+-------++-------
Melee: Dagger            |    64 |    26 ||    90
       Tentacles         |     8 |     4 ||    12
       Constrict         |     8 |     5 ||    13
  Use: Potion            |       |     1 ||     1
 Stab: Sleeping          |    23 |     3 ||    26
Armor: Skin              |     2 |     2 ||     4
Dodge: Dodged            |    21 |    12 ||    33

Table legend: (Time is in decaauts)
 A = Elapsed time spent in this place.
 B = Non-inter-level travel time spent in this place.
 C = Inter-level travel time spent in this place.
 D = Time resting spent in this place.
 E = Time spent auto-exploring this place.
 F = Levels seen in this place.
 G = Mean time per level.
                   A        B        C        D        E       F      G
               +--------+--------+--------+--------+--------+-----+--------+
         Total |   2474 |   2401 |     73 |    595 |   1496 |   2 | 1237.0 |
       Dungeon |   2474 |   2401 |     73 |    595 |   1496 |   2 | 1237.0 |
               +--------+--------+--------+--------+--------+-----+--------+

Top non-repeatable levels by time:
     D:1: 1671 daAuts
     D:2: 802 daAuts
